 Dungeon Crawl Stone Soup version 0.28-a0-796-gd4f0d3f9b2 (webtiles) character file.

Game seed: 2674411441578451668

520 Decritt the Chopper (level 7, -14/62 HPs)
             Began as a Minotaur Monk on Nov 6, 2021.
             Demolished by a two-headed ogre (16 damage)
             ... on level 4 of the Dungeon.
             The game lasted 00:11:51 (4792 turns).

Decritt the Chopper (Minotaur Monk)                 Turns: 4792, Time: 00:11:52

Health: -14/62     AC: 11    Str: 15    XL:     7   Next: 1%
Magic:  6/6        EV:  8    Int:  7    God:
Gold:   223        SH:  0    Dex: 14    Spells: 6/6 levels left

rFire   . . .      SeeInvis .   a - +0 hand axe (elec)
rCold   . . .      Faith    .   (no shield)
rNeg    . . .      Spirit   .   i - +0 chain mail
rPois   .          Reflect  .   (helmet restricted)
rElec   .          Harm     .   (no cloak)
rCorr   .          Rampage  +   e - +1 pair of gloves of the Constellations {Rampage Str-3 Dex+2}
Will    .....                   (no boots)
Stlth   ..........              (no amulet)
HPRegen 0.20/turn               (no ring)
MPRegen 0.10/turn               (no ring)

@: no status effects
A: horns 2, retaliatory headbutt
a: no special abilities


You were on level 4 of the Dungeon.
You visited 1 branch of the dungeon, and saw 5 of its levels.

You collected 223 gold pieces.

Inventory:

Hand Weapons
 a - a +0 hand axe of electrocution (weapon)
Missiles
 c - 84 stones
 m - 17 poisoned darts (quivered)
Armour
 e - the +1 pair of gloves of the Constellations (worn) {Rampage Str-3 Dex+2}
   (You found it on level 4 of the Dungeon)

   Str:       It affects your strength (-3).
   Dex:       It affects your dexterity (+2).
   Rampage:   It bestows one free step when moving towards enemies.
 i - a +0 chain mail (worn)
 s - a +0 pair of gloves
Wands
 j - a wand of acid (7)
Scrolls
 d - 3 scrolls of enchant armour
 r - a scroll of identify
Potions
 b - a potion of curing {unknown}
 g - a potion of mutation
 h - a potion of resistance
 k - a potion of heal wounds
 l - a potion of haste
 n - a potion of ambrosia {unknown}
 o - a potion of cancellation {unknown}
 q - 2 potions of lignification


   Skills:
 + Level 5.7 Fighting
 + Level 5.7 Axes
 + Level 4.2 Armour
 + Level 5.2 Dodging
 - Level 1.5 Stealth


You had 6 spell levels left.
You didn't know any spells.
Your spell library contained the following spells:

 Spells                   Type           Power      Damage    Failure   Level
 Frozen Ramparts          Ice            0%         1d2       100%        3
 Ice Form                 Ice/Tmut       0%         N/A       100%        4
 Summon Ice Beast         Ice/Summ       0%         N/A       100%        4


Dungeon Overview and Level Annotations

Branches:
Dungeon (5/15)
 Temple: D:4-7

Altars:
Ashenzari
Elyvilon
Gozag
Makhleb
Okawaru
Qazlal
Vehumet


Innate Abilities, Weirdness & Mutations

You have a pair of horns on your head.
You reflexively headbutt those who attack you in melee.


Message History

You throw a poisoned dart.
The poisoned dart hits the two-headed ogre.
The two-headed ogre is poisoned.
You throw a poisoned dart.
The poisoned dart hits the two-headed ogre.
The two-headed ogre looks even sicker.
The two-headed ogre is lightly wounded.
You throw a poisoned dart.
The poisoned dart hits the two-headed ogre.
The two-headed ogre looks even sicker.
The two-headed ogre is lightly wounded.
You hit the two-headed ogre.
The two-headed ogre is moderately wounded.
The two-headed ogre hits you with a +0 giant club!!
The two-headed ogre hits you with a +3 dire flail!
* * * LOW HITPOINT WARNING * * *
There is a stone staircase leading up here.
The two-headed ogre hits you with a +0 giant club!
* * * LOW HITPOINT WARNING * * *
The two-headed ogre closely misses you.
You climb upwards.
There is a stone staircase leading down here.
You are too injured to fight recklessly!
You are too injured to fight recklessly!
You are too injured to fight recklessly!
Throw: 18 darts (poison)
Press: ? - help, Q - select action, (/) - cycle Shift-Dir - straight line, f - two-headed ogre
Aim: a two-headed ogre, wielding a +0 giant club and a +3 dire flail (moderately wounded, poisoned, 74% to hit)
You throw a poisoned dart.
The poisoned dart hits the two-headed ogre.
The two-headed ogre looks even sicker.
The two-headed ogre is moderately wounded.
The two-headed ogre hits you with a +0 giant club.
* * * LOW HITPOINT WARNING * * *
The two-headed ogre completely misses you.
The two-headed ogre looks more healthy.
The two-headed ogre hits you with a +0 giant club!
* * * LOW HITPOINT WARNING * * *
The two-headed ogre hits you with a +3 dire flail!
You die...

###....#.................#.....#
##.............................#
........#.........##...........##
##......#.....#.####............#
##..##.......#...............###
##...#..........##.....#...>..#
.....#..........#......#.....####
##.............##.......###..##.#
.#..............@.......##......#
.................O...............
♣.......P.♣♣.......<##...#.......
♣..#...♣♣.P.♣♣...........#...####
......P♣PP.PP♣.....#..........###
..^...♣PPP.PP.♣....##......#....#
)......P.....PP.....#.....###..##
...#..PPPP.PP♣............###.##
...#...♣PP.PP♣P.........#......##


You could see a two-headed ogre.

Vanquished Creatures
  2 scorpions (D:4)
  A crimson imp (D:3)
  3 hounds (D:4)
  2 orc priests
  Terence (D:3)
  3 orc wizards (D:3)
  3 adders
  2 worms (D:2)
  A dart slug (D:3)
  17 orcs
  6 ball pythons
  8 endoplasms
  A giant cockroach (D:3)
  2 goblins
  6 hobgoblins
  4 jackals
  3 kobolds
  A quokka (D:1)
  4 bats
  3 frilled lizards
  11 rats
84 creatures vanquished.

Vanquished Creatures (others)
  21 fungi (D:3)
21 creatures vanquished.

Grand Total: 105 creatures vanquished

Notes
Turn   | Place    | Note
-------+----------+-------------------------------------------
     0 | D:1      | Decritt the Minotaur Monk began the quest for the Orb.
     0 | D:1      | Reached XP level 1. HP: 19/19 MP: 0/0
   288 | D:1      | Reached XP level 2. HP: 27/27 MP: 1/1
   333 | D:1      | Reached skill level 1 in Armour
   845 | D:1      | Found a faded altar of an unknown god.
  1056 | D:2      | Found a stormy altar of Qazlal.
  1068 | D:2      | Reached XP level 3. HP: 30/33 MP: 2/2
  1502 | D:3      | Reached XP level 4. HP: 19/41 MP: 3/3
  2315 | D:2      | Reached XP level 5. HP: 45/45 MP: 4/4
  2399 | D:3      | Found a white marble altar of Elyvilon.
  2399 | D:3      | Found a broken altar of Ashenzari.
  2399 | D:3      | Noticed Terence
  2418 | D:3      | Killed Terence
  2419 | D:3      | Found an opulent altar of Gozag.
  2740 | D:3      | Reached skill level 5 in Fighting
  2752 | D:3      | Reached skill level 5 in Axes
  3343 | D:3      | Found an iron altar of Okawaru.
  3796 | D:3      | Found a burning altar of Makhleb.
  3805 | D:3      | Found a radiant altar of Vehumet.
  3818 | D:3      | Reached XP level 6. HP: 56/56 MP: 5/5
  4156 | D:4      | Reached skill level 5 in Dodging
  4279 | D:4      | Identified the +1 pair of gloves of the Constellations
                  | {Rampage Str-3 Dex+2}
  4570 | D:5      | Entered Level 5 of the Dungeon
  4648 | D:5      | Reached XP level 7. HP: 40/62 MP: 6/6
  4748 | D:5      | Noticed a two-headed ogre
  4792 | D:4      | HP: 2/62 [two-headed ogre (13)]
  4792 | D:4      | Demolished by a two-headed ogre

Illustrated notes

Levels and vault maps discovered:
D:1:      lemuel_arrival_cross, layout_loops_cross,
          chequers_ecumenical_altar_twisty
D:2:      layout_basic, basic_altar
D:3:      layout_basic, grunt_temple_overflow_lords_of_destruction,
          mainiacjoe_overflow_cross_hatched, gammafunk_temple_overflow_claw,
          uniq_terence
D:4:      layout_cave_pools, serial_park, serial_park_square3
          [serial_park_minivault_5x5_7], serial_park_avenue1,
          serial_park_square1 [serial_park_minivault_5x5_8]
D:5:      minmay_skewed_foursquare, layout_basic,
          minmay_temple_entry_statues_pillars, lemuel_flamethrower_1

Skill      XL: |  1  2  3  4  5  6 |
---------------+-------------------+-----
Armour         | 1 2 3 4 |  4.2
Fighting       | 4 5 |  5.7
Axes           | 4 5 |  5.7
Dodging        | 4 5 |  5.2
Stealth        | |  1.5

Action                   |  1- 3 |  4- 6 |  7- 9 || total
-------------------------+-------+-------+-------++-------
Melee: Hand axe          |    72 |   132 |     1 ||   205
       Headbutt          |    11 |    27 |       ||    38
Throw: Stone             |    71 |    64 |       ||   135
       Dart              |       |    28 |     4 ||    32
  Use: Scroll            |       |    11 |       ||    11
Armor: Ring mail         |    11 |       |       ||    11
       Scale mail        |    22 |    21 |       ||    43
       Chain mail        |       |    21 |       ||    21
Dodge: Dodged            |    27 |    63 |     2 ||    92

Table legend: (Time is in decaauts)
 A = Elapsed time spent in this place.
 B = Non-inter-level travel time spent in this place.
 C = Inter-level travel time spent in this place.
 D = Time resting spent in this place.
 E = Time spent auto-exploring this place.
 F = Levels seen in this place.
 G = Mean time per level.
                   A        B        C        D        E       F      G
               +--------+--------+--------+--------+--------+-----+--------+
         Total |   4821 |   4736 |     85 |    641 |   3262 |   5 |  964.2 |
       Dungeon |   4821 |   4736 |     85 |    641 |   3262 |   5 |  964.2 |
               +--------+--------+--------+--------+--------+-----+--------+

Top non-repeatable levels by time:
     D:3: 2181 daAuts
     D:1: 936 daAuts
     D:2: 784 daAuts
     D:4: 718 daAuts
     D:5: 200 daAuts
